 Dungeon Crawl Stone Soup version 0.29.1-12-g30fa7ad0bf (webtiles) character file.

Game seed: 5656856116540190819

6405 KittyFluff the Basher (level 10, -10/64 HPs)
             Began as a Gargoyle Berserker on Jan 1, 2023.
             Was a High Priest of Trog.
             Mangled by a death yak (21 damage)
             ... on level 10 of the Dungeon.
             The game lasted 01:00:43 (9205 turns).

KittyFluff the Basher (Gargoyle Berserker)          Turns: 9205, Time: 01:00:43

Health: -10/64     AC: 17    Str: 21    XL:     10   Next: 98%
Magic:  10/10      EV: 13    Int:  8    God:    Trog [*****.]
Gold:   571        SH:  5    Dex: 13    Spells: 9/9 levels left

rFire   . . .      SeeInvis +   K - +0 morningstar
rCold   . . .      Faith    .   b - +0 buckler
rNeg    + . .      Spirit   .   V - +0 steam dragon scales
rPois   ∞          Reflect  .   i - +1 helmet of the Grinning Gods {rCorr}
rElec   +          Harm     .   (no cloak)
rCorr   +          Rampage  .   F - +0 pair of gloves
Will    .....                   (no boots)
Stlth   ++........              k - amulet of regeneration
HPRegen 1.00/turn               e - ring of flight
MPRegen 0.12/turn               n - ring of see invisible

@: flying, studying Armour
A: sickness immunity, AC +7, negative energy resistance 1, electricity
resistance, torment resistance 1, petrification resistance
a: Renounce Religion, Berserk, Trog's Hand, Brothers in Arms


You were on level 10 of the Dungeon.
You worshipped Trog.
Trog was extremely pleased with you.
You visited 1 branch of the dungeon, and saw 10 of its levels.
You also visited: Ossuary.

You collected 694 gold pieces.
You spent 123 gold pieces at shops.

Inventory:

Hand Weapons
 a - a +0 mace
 x - the +2 sling of the Bruised Planets {venom, *Slow Fly rC++ SInv}
   (You found it on level 3 of the Dungeon)

   Any ammunition fired from it poisons the flesh of those it strikes.
   rC:        It greatly protects you from cold.
   SInv:      It lets you see invisible.
   Fly:       It grants you flight.
   *Slow:     It may slow you when you take damage.
 K - a +0 morningstar (weapon)
Missiles
 c - 2 javelins
 m - 15 poisoned darts
 s - 3 boomerangs
 B - 63 stones (quivered)
 D - a silver boomerang
 L - 5 throwing nets
 N - 2 boomerangs of dispersal
Armour
 b - a +0 buckler (worn)
 i - the +1 helmet of the Grinning Gods (worn) {rCorr}
   (You found it on level 5 of the Dungeon)

   rCorr:     It protects you from acid and corrosion.
 F - a +0 pair of gloves (worn)
 P - a +0 kite shield
 V - +0 steam dragon scales (worn)
 W - a +0 scale mail
Jewellery
 e - a ring of flight (left hand)
 k - an amulet of regeneration (around neck)
 n - a ring of see invisible (right hand)
 G - a ring of positive energy
 T - a ring of resist corrosion
 Z - a ring of positive energy
Wands
 d - a wand of light (5)
 l - a wand of polymorph (6)
 y - a wand of flame (15)
 R - a wand of roots (7)
Scrolls
 h - 5 scrolls of magic mapping
 j - 3 scrolls of amnesia {unknown}
 o - 3 scrolls of noise {unknown}
 p - 2 scrolls of brand weapon
 q - 3 scrolls of teleportation {unknown}
 r - 2 scrolls of blinking {unknown}
 u - 3 scrolls of enchant weapon {unknown}
 v - 3 scrolls of fear
 w - 4 scrolls of poison
 O - a scroll of enchant armour
 S - 3 scrolls of immolation
Potions
 f - 5 potions of curing
 g - 3 potions of mutation
 t - 4 potions of heal wounds
 z - 2 potions of attraction {unknown}
 A - 2 potions of cancellation {unknown}
 C - a potion of ambrosia {unknown}
 E - 2 potions of might {unknown}
 H - 4 potions of flight {unknown}
 I - a potion of resistance
 M - 3 potions of brilliance {unknown}
 Q - a potion of magic {unknown}
 X - a potion of lignification {unknown}
 Y - a potion of haste {unknown}


   Skills:
 + Level 7.8 Fighting
 + Level 8.8 Maces & Flails
 + Level 5.7 Ranged Weapons
 + Level 0.1 Throwing
 * Level 8.1 Armour
 + Level 5.3 Dodging
 + Level 1.8 Stealth
 * Level 5.8 Shields


You had 9 spell levels left.
You didn't know any spells.
Your spell library was empty.

Dungeon Overview and Level Annotations

Branches:
Dungeon (10/15)            Temple (0/1) D:6         Ossuary (visited)
   Lair: D:8-11         Orc: D:9-12

Altars:
Ashenzari
Cheibriados
Gozag
Kikubaaqudgha
Okawaru
Qazlal
Ru
Trog
Uskayaw
Vehumet
Wu Jian
Xom
Yredelemnul
The Shining One

Shops:
D:4 (   D:5 ?:


Innate Abilities, Weirdness & Mutations

You are immune to sickness and miasma.
Your stone body is resilient. (AC +7)
You are immune to poison.
You resist negative energy. (rN+)
You are resistant to electric shocks. (rElec)
You are resistant to unholy torment.
You are immune to petrification.


Message History

The death yak is poisoned.
You feel much better.
The death yak is engulfed in poison gas.
The death yak looks even sicker.
The death yak is engulfed in poison gas.
The death yak looks as sick as possible!
The death yak gores you.
You impale the death yak!!
The death yak is moderately wounded.
The yak is engulfed in poison gas.
The yak is poisoned.
The death yak is engulfed in poison gas.
The death yak looks as sick as possible!
The death yak is engulfed in poison gas.
The death yak looks as sick as possible!
The death yak barely misses you.
You hit the death yak.
The death yak is moderately wounded.
The yak is engulfed in poison gas.
The yak looks even sicker.
The death yak is engulfed in poison gas.
The death yak looks as sick as possible!
The death yak is engulfed in poison gas.
The death yak looks as sick as possible!
The death yak snorts and paws the ground.
The death yak gores you but does no damage.
You puncture the death yak!
The death yak is heavily wounded.
The death yak gores you!!
* * * LOW HITPOINT WARNING * * *
The death yak is engulfed in poison gas.
The death yak looks as sick as possible!
The death yak is engulfed in poison gas.
The death yak looks as sick as possible!
The death yak is engulfed in poison gas.
The death yak looks as sick as possible!
The death yak is engulfed in poison gas.
The death yak looks as sick as possible!
The death yak is engulfed in poison gas.
The death yak looks as sick as possible!
The death yak gores you!!
You die...

... #### .... #☼° ....
#§# ..... #@#
.........##Y#
..........YYY# .#
)......##.#YY###..#
.......##Y#YYY...$#
.......#...○☼§...##
.....Y.#Y.#○##########
#..#..Y...#§#
#......#######
.Y##..Y....# #.#
#........#


You could see 6 death yaks and 2 yaks.

Vanquished Creatures
  A two-headed ogre (D:8)
  A deep elf zephyrmancer (D:7)
  A troll (D:10)
  2 hornets
  3 slime creatures (D:8)
  3 wraiths
  3 steam dragons
  3 water moccasins
  2 black bears
  An ice beast (D:6)
  A sky beast (D:7)
  2 ogres
  4 centaurs
  A phantom (D:5)
  A bullfrog (D:7)
  3 gnoll sergeants
  A scorpion (D:5)
  4 necrophages
  11 killer bees
  A howler monkey (D:6)
  A quasit (D:5)
  7 hounds
  A jelly (D:6)
  2 gnoll boudas (D:5)
  2 orc priests (D:9)
  4 human zombies (Ossuary)
  3 iguanas
  3 orc wizards (D:9)
  A hound zombie (Ossuary)
  4 mummies (Ossuary)
  18 gnolls
  8 adders
  A shadow imp (D:7)
  An ufetubus (D:5)
  An adder zombie (Ossuary)
  2 worms
  6 dart slugs
  22 orcs
  5 endoplasms
  2 giant cockroaches
  A gnoll zombie (Ossuary)
  11 goblins
  9 hobgoblins
  3 jackals
  5 kobolds
  9 quokkas
  3 ball pythons
  5 bats
  3 frilled lizards
  4 goblin skeletons (D:5)
  A goblin zombie (D:5)
  4 hobgoblin zombies
  2 jackal zombies (Ossuary)
  A kobold skeleton (D:5)
  2 kobold zombies (D:5)
  An orc zombie (Ossuary)
  25 rats
  A rat zombie (Ossuary)
233 creatures vanquished.

Vanquished Creatures (others)
  A wizard (D:3)
  7 plants (D:1)
8 creatures vanquished.

Grand Total: 241 creatures vanquished

Notes
Turn   | Place    | Note
-------+----------+-------------------------------------------
     0 | D:1      | KittyFluff the Gargoyle Berserker began the quest for the
                  | Orb.
     0 | D:1      | Reached XP level 1. HP: 14/14 MP: 1/1
   394 | D:1      | Reached XP level 2. HP: 19/19 MP: 2/2
   704 | D:1      | Reached XP level 3. HP: 21/24 MP: 3/3
  1210 | D:2      | Reached ** piety under Trog
  1561 | D:3      | Reached XP level 4. HP: 29/29 MP: 4/4
  1790 | D:3      | Identified the +2 sling of the Bruised Planets {venom,
                  | *Slow Fly rC++ SInv}
  1944 | D:3      | Found a broken altar of Ashenzari.
  2056 | D:3      | Found a faded altar of an unknown god.
  2260 | D:3      | Found a bloodstained altar of Trog.
  2262 | D:3      | Noticed a wizard
  2266 | D:3      | Killed a wizard
  2440 | D:3      | Reached XP level 5. HP: 34/34 MP: 5/5
  2505 | D:3      | Found an ancient bone altar of Kikubaaqudgha.
  2508 | D:3      | Found an iron altar of Okawaru.
  2511 | D:3      | Found a basalt altar of Yredelemnul.
  2514 | D:3      | Found a sacrificial altar of Ru.
  2676 | D:4      | Reached *** piety under Trog
  2677 | D:4      | Reached skill level 1 in Ranged Weapons
  2733 | D:4      | Found Zownum's Weapon Boutique.
  2838 | D:4      | Found a shimmering altar of Xom.
  3020 | D:4      | Reached XP level 6. HP: 39/39 MP: 6/6
  3357 | D:5      | Entered Level 5 of the Dungeon
  3357 | D:5      | Noticed a water moccasin
  3364 | D:5      | Killed a water moccasin
  3406 | D:5      | Identified the +1 helmet of the Grinning Gods {rCorr}
  3423 | D:4      | Reached skill level 5 in Maces & Flails
  3423 | D:4      | Reached XP level 7. HP: 44/44 MP: 7/7
  3459 | D:5      | Reached skill level 5 in Fighting
  3619 | D:5      | Reached **** piety under Trog
  3737 | D:5      | Found Wiujos's Book Emporium.
  3868 | D:5      | Found a glowing golden altar of the Shining One.
  3946 | D:5      | Reached XP level 8. HP: 42/50 MP: 8/8
  4058 | D:5      | Reached skill level 5 in Armour
  4059 | D:5      | Found Unipleoniq's Magic Scroll Emporium.
  4308 | D:5      | Found an ornate altar of the Wu Jian Council.
  4330 | D:5      | Found an opulent altar of Gozag.
  4697 | D:5      | Bought a scroll of magic mapping for 97 gold pieces
  4697 | D:5      | Bought a scroll of identify for 26 gold pieces
  4953 | D:6      | Reached skill level 1 in Shields
  4953 | D:6      | Reached XP level 9. HP: 50/56 MP: 9/9
  5280 | D:6      | Found a staircase to the Ecumenical Temple.
  6123 | D:7      | Reached skill level 1 in Stealth
  6388 | D:7      | Noticed a hornet
  6398 | D:7      | Killed a hornet
  6574 | D:7      | Noticed a deep elf zephyrmancer
  6583 | D:7      | Killed a deep elf zephyrmancer
  6583 | D:7      | Reached ***** piety under Trog
  6584 | D:7      | Reached skill level 5 in Ranged Weapons
  6584 | D:7      | Reached XP level 10. HP: 52/63 MP: 10/10
  7134 | D:8      | Found a hide-covered altar of Uskayaw.
  7256 | D:8      | Found a sand-covered staircase.
  7284 | Ossuary  | Entered an ossuary
  7940 | D:8      | Reached skill level 5 in Shields
  7991 | D:8      | Found a radiant altar of Vehumet.
  8222 | D:9      | Found a stormy altar of Qazlal.
  8319 | D:9      | Noticed a two-headed ogre
  8392 | D:8      | Killed a two-headed ogre
  8393 | D:8      | Reached skill level 5 in Dodging
  8496 | D:9      | Identified the +8 broad axe "Ymimos" {vorpal, rC+ Str+4}
  8756 | D:10     | Entered Level 10 of the Dungeon
  8947 | D:10     | Found a large runed translucent door.
  8950 | D:10     | Found a large runed translucent door.
  9001 | D:10     | Found an opulent altar of Gozag.
  9058 | D:10     | Found a snail-covered altar of Cheibriados.
  9174 | D:10     | Noticed a death yak
  9176 | D:10     | Noticed a death yak
  9177 | D:10     | Noticed a death yak
  9179 | D:10     | Noticed a death yak
  9190 | D:10     | Noticed a death yak
  9190 | D:10     | Noticed a death yak
  9190 | D:10     | Noticed a death yak
  9205 | D:10     | Mangled by a death yak

Illustrated notes

Levels and vault maps discovered:
D:1:      spicycebolla_arrival_clurvy, layout_rooms
D:2:      layout_basic, corexii_hall_statues_l
D:3:      kennysheep_the_goblin_king, layout_loops_ring, trog_wizard,
          mainiacjoe_overflow_tiny_flanked, grunt_temple_overflow_cloverleaf,
          hellmonk_ecumenical_altar_pennies_from_heaven, eino_curves_02
D:4:      layout_loops_cross, overflow_temple_1_default, serial_shops, shop,
          minmay_rat_hole
D:5:      layout_cave_pools, nicolae_tso_besieged_by_evil,
          nzn_wu_jian_council_hall, serial_gnoll_camp, gnoll_camp_huts_basic,
          gnoll_camp_mini_shop, gnoll_camp_mini_hut, gnoll_camp_mini_shop,
          minmay_misc_feat_tower, minmay_ruined_shrine
D:6:      nicolae_BIG_FREAKIN_CUBE, layout_basic, minmay_temple_entry_glass
D:7:      layout_gridville, guppyfry_early_elven_hall
D:8:      layout_loops_ring, lemuel_tele_altar, nicolae_vehumet_altar_sigil,
          nicolae_ossuary_entry_monument, special_room [special_room_orc],
          minmay_misc_feat_x
D:9:      layout_rooms, mainiacjoe_overflow_brackets
D:10:     layout_loops_cross, mainiacjoe_overflow_paths, jmf_multi_god_temple2,
          dpeg_lair_monsters, grunt_tough_drop

Skill      XL: |  1  2  3  4  5  6  7  8  9 10 |
---------------+-------------------------------+-----
Fighting       | 4 5 6 7 |  7.8
Maces & Flails | 4 5 6 7 8 |  8.8
Ranged Weapons | 1 2 3 4 5 |  5.7
Armour         | 3 4 5 6 8 |  8.1
Dodging        | 2 3 4 5 |  5.3
Shields        | 1 4 5 |  5.8
Stealth        | 1 |  1.8
Throwing       | |  0.1

Action                   |  1- 3 |  4- 6 |  7- 9 | 10-12 || total
-------------------------+-------+-------+-------+-------++-------
Melee: Mace              |   123 |   200 |   410 |    23 ||   756
       Punch             |     1 |     2 |     1 |       ||     4
       Morningstar       |       |       |    33 |   233 ||   266
 Fire: Sling             |       |    43 |   118 |    29 ||   190
Throw: Stone             |       |     5 |     1 |     1 ||     7
Invok: Berserk           |       |       |     2 |     3 ||     5
  Use: Scroll            |     4 |       |     1 |     8 ||    13
       Potion            |       |       |       |     1 ||     1
Armor: Animal skin       |     8 |       |       |       ||     8
       Leather armour    |    44 |    83 |   268 |       ||   395
       Steam dragon scal |       |       |    33 |   229 ||   262
Dodge: Dodged            |    66 |   132 |   376 |   343 ||   917
Block: Kite shield       |       |       |   102 |     1 ||   103
       Buckler           |       |       |       |   132 ||   132
